 Dungeon Crawl Stone Soup version 0.14.1-1-g650416f (webtiles) character file.

154 RogerD the Firebug (level 4, -6/27 HPs)
             Began as a High Elf Fire Elementalist on May 7, 2014.
             Mangled by Sigmund
             ... wielding a +0,+0 scythe
              (13 damage)
             ... on Level 2 of the Dungeon.
             The game lasted 00:32:31 (2033 turns).

RogerD the Firebug (High Elf Fire Elementalist)     Turns: 2033, Time: 00:32:31

HP  -6/27        AC  3     Str  7      XL: 4   Next: 51%
MP   6/12        EV 13     Int 19      God:
Gold 51          SH  0     Dex 16      Spells:  2 memorised,  5 levels left

rFire  . . .     SeeInvis .     p - +0,+1 dagger
rCold  . . .     Clarity  .     h - +0 robe
rNeg   . . .     Conserve .     (no shield)
rPois  .         rCorr    .     (no helmet)
rElec  .         rRot     .     j - +0 cloak
SustAb . .       Spirit   .     (no gloves)
rMut   .         Warding  .     (no boots)
Saprov . . .     Stasis   .     (no amulet)
MR     .....                    (no ring)
                                g - ring of teleport control

@: not resistant to hostile enchantments, fairly stealthy
A: no striking features
a: Evoke Teleport Control


You were on level 2 of the Dungeon.
You were not hungry.

You visited 1 branch of the dungeon, and saw 2 of its levels.

You collected 51 gold pieces.

Inventory:

Hand weapons
 p - a +0,+1 dagger (weapon)
Missiles
 f - 8 darts (quivered)
 k - 8 poisoned darts
Armour
 a - a +0 robe
 h - a +0 robe (worn)
 j - a +0 cloak (worn)
Comestibles
 c - 2 bread rations
 o - a meat ration
Scrolls
 m - a scroll of remove curse
Jewellery
 g - a ring of teleport control (left hand)
Potions
 d - a potion of curing
 e - a potion of haste
 i - a potion of flight {unknown}
 l - 3 potions of heal wounds {unknown}
 n - a potion of brilliance {unknown}
Books
 b - a book of Flames

   Spells                             Type                      Level
   *Flame Tongue                      Conjuration/Fire             1
   Throw Flame                        Conjuration/Fire             2
   *Conjure Flame                     Conjuration/Fire             3
   Inner Flame                        Hexes/Fire                   3
   Sticky Flame                       Conjuration/Fire             4
   Fireball                           Conjuration/Fire             5


   Skills:
 - Level 0.2 Fighting
 - Level 1.0 Throwing
 + Level 2.6 Dodging
 + Level 2.7 Stealth
 + Level 3.3 Spellcasting
 + Level 1.9 Conjurations
 + Level 3.9 Fire Magic


You had 5 spell levels left.
You knew the following spells:

 Your Spells              Type           Power        Failure   Level  Hunger
a - Flame Tongue          Conj/Fire      ##...        6%          1    None
b - Conjure Flame         Conj/Fire      ##......     14%         3    ###....


Dungeon Overview and Level Annotations

Branches:
Dungeon (2/15)

Altars:

Annotations:
D:2 Jessica, Sigmund


Message History

The bat hits you but does no damage. The bat closely misses you.
You hear some strange, mumbled words.
The puff of flame hits you!
* * * LOW HITPOINT WARNING * * *
The bat barely misses you. The bat hits you but does no damage.
You hit the bat.
The bat is almost dead.
The bat hits you.
* * * LOW HITPOINT WARNING * * *
The bat misses you.
Casting: Flame Tongue
Confirm with . or Enter, or press ? or * to list all spells.
Aiming: Flame Tongue
Press: ? - help, Shift-Dir - straight line, f - bat
Aim: a bat (almost dead)
The flame tongue hits the bat.
You kill the bat!
Something hits you!
You die...

...##.# #.# #.###..##.#
#####.# #.# #.........#
# #.####.#######..#..#
#####%##...............#
...............>##.....#
.......#.#########.....#
...........<.... #.....#
.(..)....##.###.##.....#
..............#.@%.....#
..#.#.#.#.#.#.#####....#
............. ....#
.#.#.#.#.#.# .......
........... .....##
#.#.#.#.#. #..#.#
......... ....
.#.#.#.#.# ...
..........


There were no monsters in sight!

Vanquished Creatures
  Terence (D:2)
  4 adders
  A giant mite (D:1)
  2 oozes
  3 ball pythons (D:1)
  5 goblins
  5 hobgoblins
  4 jackals (D:2)
  8 kobolds
  4 bats (D:2)
  5 giant cockroaches
  2 rats (D:1)
44 creatures vanquished.

Notes
Turn   | Place    | Note
--------------------------------------------------------------
     0 | D:1      | RogerD, the High Elf Fire Elementalist, began the quest for the Orb.
     0 | D:1      | Reached XP level 1. HP: 11/11 MP: 4/4
   292 | D:1      | Reached XP level 2. HP: 17/17 MP: 3/6
   685 | D:2      | Reached XP level 3. HP: 3/21 MP: 0/8
  1056 | D:2      | Reached skill level 1 in Throwing
  1294 | D:2      | Reached XP level 4. HP: 21/27 MP: 5/11
  1371 | D:2      | Noticed Terence
  1372 | D:2      | Noticed Jessica
  1674 | D:2      | Learned a level 3 spell: Conjure Flame
  1720 | D:2      | Killed Terence
  2004 | D:2      | Noticed Sigmund
  2033 | D:2      | Mangled by Sigmund

Action                   |  1- 3 |  4- 6 || total
-------------------------+-------+-------++-------
Melee: Unarmed           |    11 |       ||    11
       Dagger            |       |     2 ||     2
Throw: Dart              |    22 |       ||    22
 Cast: Flame Tongue      |    64 |    39 ||   103
       Conjure Flame     |       |     2 ||     2
  Use: Scroll            |     5 |       ||     5
       Potion            |     2 |     1 ||     3
